 Dungeon Crawl Stone Soup version 0.21.1-1-g345015fe64 (webtiles) character file.

54 Knicklaso the Charmwright (level 3, -5/31 HPs)
             Began as a Gnoll Skald on Apr 16, 2018.
             Slain by Sigmund
             ... wielding a +0 scythe
              (10 damage)
             ... on level 2 of the Dungeon.
             The game lasted 00:02:44 (791 turns).

Knicklaso the Charmwright (Gnoll Skald)              Turns: 791, Time: 00:02:44

Health: -5/31      AC: 10    Str: 14    XL:     3   Next: 91%
Magic:  9/9        EV:  8    Int: 15    God:
Gold:   49         SH:  0    Dex: 14    Spells: 11/12 levels left

rFire    . . .     SeeInvis .   a - +0 falchion
rCold    . . .     Gourm    .   (no shield)
rNeg     . . .     Faith    .   e - +0 chain mail
rPois    .         Spirit   .   g - +0 helmet
rElec    .         Reflect  .   (no cloak)
rCorr    .         Harm     .   (no gloves)
MR       .....                  (no boots)
Stlth    ..........             (no amulet)
HPRegen  0.10/turn              (no ring)
MPRegen  0.11/turn              (no ring)

@: no status effects
A: distributed training, fangs 1, strong nose
a: no special abilities


You were on level 2 of the Dungeon.
You were not hungry.

You visited 1 branch of the dungeon, and saw 2 of its levels.

You collected 49 gold pieces.

Inventory:

Hand Weapons
 a - a +0 falchion (weapon)
 j - a cursed -1 whip
Armour
 e - a +0 chain mail (worn)
 g - a +0 helmet (worn)
Potions
 f - 3 potions of curing
 h - a potion of flight {unknown}
 i - a potion of brilliance {unknown}
Books
 c - a book of Battle

   Spells                             Type                      Level
   a - Infusion                       Charms                       1
   b - Shroud of Golubria             Charms/Translocation         2
   c - Song of Slaying                Charms                       2
   d - Spectral Weapon                Hexes/Charms                 3
   e - Regeneration                   Charms/Necromancy            3
Comestibles
 b - 10 chunks of flesh
 d - a ration


   Skills:
 + Level 4.6 Fighting
 + Level 1.0 Short Blades
 + Level 4.6 Long Blades
 + Level 1.0 Axes
 + Level 1.0 Maces & Flails
 + Level 1.0 Polearms
 + Level 1.0 Staves
 + Level 1.0 Slings
 + Level 1.0 Bows
 + Level 1.0 Crossbows
 + Level 1.0 Throwing
 + Level 2.6 Armour
 + Level 4.6 Dodging
 + Level 1.0 Stealth
 + Level 1.0 Shields
 + Level 1.0 Unarmed Combat
 + Level 5.0 Spellcasting
 + Level 0.7 Conjurations
 + Level 0.7 Hexes
 + Level 5.4 Charms
 + Level 0.7 Summonings
 + Level 0.7 Necromancy
 + Level 0.7 Translocations
 + Level 0.7 Transmutations
 + Level 0.7 Fire Magic
 + Level 0.7 Ice Magic
 + Level 0.7 Air Magic
 + Level 0.7 Earth Magic
 + Level 0.7 Poison Magic
 + Level 1.0 Invocations
 + Level 1.0 Evocations


You had 11 spell levels left.
You knew the following spells:

 Your Spells              Type           Power        Failure   Level  Hunger
a - Infusion              Chrm           ###.         41%         1    None


Dungeon Overview and Level Annotations

Branches:
Dungeon (2/15)

Altars:

Annotations:
D:2 Natasha, Sigmund


Innate Abilities, Weirdness & Mutations

Your experience applies equally to all skills.
You have very sharp teeth.
Your uncanny sense of smell can sniff out nearby items.


Message History

You hit Sigmund but do no damage. Your bite misses Sigmund.
Sigmund is lightly wounded.
Natasha drinks a potion.
Natasha seems to grow stronger.
The crimson imp blinks!
Sigmund gestures at you while chanting. The magic dart hits you!
You closely miss Sigmund. Your bite misses Sigmund.
Sigmund is lightly wounded.
Natasha casts a spell.
Sigmund hits you but does no damage.
A worm comes into view.
Sigmund casts a spell at you. The puff of flame hits you!
* * * LOW HITPOINT WARNING * * *
Items here: ) [[ †† a falchion; an animal skin; a helmet; the hobgoblin corpse of Robin a goblin corpse
There is a stone staircase leading up, spattered with blood here.
Sigmund hits you from afar with a scythe!
You die...

## ### ...
..# ... #.#
#.# #.#
...#.# #
###.#)####
#.#........#
#.#.#.#)##.#
.....#)@# #
#.###).#
#..S@..#
###.####
###h####
#......#
#.#....#
#...##.# #
###h##.#


You could see Sigmund, Natasha and an adder.

Vanquished Creatures
  Robin (D:2)
  A dart slug (D:1)
  A leopard gecko (D:1)
  A giant cockroach (D:1)
  11 goblins
  8 hobgoblins
  4 jackals (D:1)
  A ball python (D:1)
  3 bats (D:1)
  A frilled lizard (D:1)
  2 kobolds (D:1)
  A rat (D:1)
35 creatures vanquished.

Notes
Turn   | Place    | Note
-------+----------+-------------------------------------------
     0 | D:1      | Knicklaso the Gnoll Skald began the quest for the Orb.
     0 | D:1      | Reached XP level 1. HP: 20/20 MP: 6/6
   139 | D:1      | Reached XP level 2. HP: 25/26 MP: 7/7
   360 | D:1      | Reached XP level 3. HP: 31/31 MP: 9/9
   396 | D:1      | Reached skill level 5 in Spellcasting
   492 | D:2      | Noticed Robin
   713 | D:2      | Killed Robin
   713 | D:2      | Reached skill level 1 in Invocations
   746 | D:2      | Reached skill level 1 in Short Blades
   746 | D:2      | Reached skill level 1 in Axes
   746 | D:2      | Reached skill level 1 in Maces & Flails
   746 | D:2      | Reached skill level 1 in Polearms
   746 | D:2      | Reached skill level 1 in Staves
   746 | D:2      | Reached skill level 1 in Slings
   746 | D:2      | Reached skill level 1 in Bows
   746 | D:2      | Reached skill level 1 in Crossbows
   746 | D:2      | Reached skill level 1 in Throwing
   746 | D:2      | Reached skill level 1 in Stealth
   746 | D:2      | Reached skill level 1 in Shields
   746 | D:2      | Reached skill level 1 in Unarmed Combat
   746 | D:2      | Reached skill level 1 in Evocations
   771 | D:2      | Noticed Natasha
   772 | D:2      | Noticed Sigmund
   791 | D:2      | Slain by Sigmund

Skill      XL: |  1  2  3 |
---------------+----------+-----
Spellcasting   | 5 |  5.0
Invocations    | 1 |  1.0
Short Blades   | 1 |  1.0
Axes           | 1 |  1.0
Maces & Flails | 1 |  1.0
Polearms       | 1 |  1.0
Staves         | 1 |  1.0
Slings         | 1 |  1.0
Bows           | 1 |  1.0
Crossbows      | 1 |  1.0
Throwing       | 1 |  1.0
Stealth        | 1 |  1.0
Shields        | 1 |  1.0
Unarmed Combat | 1 |  1.0
Evocations     | 1 |  1.0
Fighting       | |  4.6
Long Blades    | |  4.6
Armour         | |  2.6
Dodging        | |  4.6
Conjurations   | |  0.7
Hexes          | |  0.7
Charms         | |  5.4
Summonings     | |  0.7
Necromancy     | |  0.7
Translocations | |  0.7
Transmutations | |  0.7
Fire Magic     | |  0.7
Ice Magic      | |  0.7
Air Magic      | |  0.7
Earth Magic    | |  0.7
Poison Magic   | |  0.7

Action                   || total
-------------------------++-------
Melee: Falchion          ||   125
       Bite              ||    14
Armor: Chain mail        ||    74
Dodge: Dodged            ||    61
       Rpst.: Falchion   ||    15
